 Dungeon Crawl Stone Soup version 0.31.0-32-g396128a36d (webtiles) character file.

Game seed: 13111126688229304697

248 Dvallin the Changeling (level 6, -3/51 HPs)
             Began as a Naga Shapeshifter on Mar 31, 2024.
             Slain by a black bear (11 damage)
             ... on level 4 of the Dungeon.
             The game lasted 00:09:41 (2904 turns).

Dvallin the Changeling (Naga Shapeshifter)          Turns: 2904, Time: 00:09:41

Health: -3/51      AC:  3    Str: 16    XL:     6   Next: 12%
Magic:  6/6        EV:  9    Int: 12    God:
Gold:   155        SH:  0    Dex: 11    Spells: 2/5 levels left

rFire   . .          .
                       - Unarmed
rCold   . . .        (no shield)
rNeg    . . .        a - +0 animal skin
rPois   +            (helmet currently unavailable)
rElec   .            (cloak currently unavailable)
rCorr   .            (gloves currently unavailable)
SInv    +            (no barding)
Will    .....        m - amulet of magic regeneration
Stlth   ++           b - ring of flight
HPRegen 0.28/turn    (no ring)
MPRegen 0.50/turn

%: no passive effects
@: beast-form, attractive, flying, very slow
A: beast (slay +3), AC +2, large, see invisible, deformed body, poison
resistance, slowness 2, spit poison 1, naga tail 1
a: Spit Poison, Begin Untransformation


You were on level 4 of the Dungeon.
You were a hulking beast.
You visited 1 branch of the dungeon, and saw 4 of its levels.

You collected 155 gold pieces.

Inventory:

Armour
 a - a +0 animal skin (worn)
 q - a +1 hat
Jewellery
 b - a ring of flight (left hand)
 m - an amulet of magic regeneration (around neck)
 n - an amulet of the acrobat
Talismans
 c - a beast talisman
 d - a flux talisman
Scrolls
 f - 4 scrolls of identify {unknown}
 h - 2 scrolls of enchant armour {unknown}
 j - a scroll of silence {unknown}
 l - a scroll of immolation {unknown}
 p - a scroll of blinking {unknown}
 r - a scroll of fear {unknown}
Potions
 e - a potion of magic {unknown}
 g - a potion of brilliance {unknown}
 i - a potion of attraction
 k - a potion of curing
 o - a potion of might {unknown}


   Skills:
 - Level 1.0 Fighting
 - Level 1.5 Dodging
 + Level 2.4 Stealth
 - Level 3.0 Unarmed Combat
 + Level 1.4 Earth Magic
 * Level 5.7 Shapeshifting


You had 2 spell levels left.
You knew the following spells:

 Your Spells              Type           Power      Damage    Failure   Level
a - Passwall              Erth           3%         N/A       50%         3

Your spell library contained the following spells:

 Spells                   Type           Power      Damage    Failure   Level
 Ensorcelled Hibernation  Hex/Ice        0%         N/A       45%         2
 Swiftness                Air            0%         N/A       69%         3


Dungeon Overview and Level Annotations

Branches:
Dungeon (4/15)
 Temple: D:4-7

Altars:
Qazlal


Innate Abilities, Weirdness & Mutations

You are a hulking beast.
Your limbs bulge with bestial killing power. (Slay +3)
Your serpentine skin is tough. (AC +2)
You have supernaturally acute eyesight. (SInv)
Armour fits poorly on your strangely shaped body.
Your system is resistant to poisons. (rPois)
You cover ground very slowly.
You can spit poison.
You have a snake-like lower body.


Message History

The black bear completely misses you. The black bear closely misses you.
The black bear claws you but does no damage.
You hit the black bear but do no damage.
The black bear is severely wounded.
The black bear goes berserk!
You barely miss the black bear.
The black bear is severely wounded.
The black bear bites you but does no damage.
The black bear claws you. x2; The black bear bites you.
The black bear claws you. The black bear closely misses you.
You hit the black bear.
The black bear is almost dead.
The black bear barely misses you. The black bear claws you. x2
* * * LOW HITPOINT WARNING * * *
You hit the black bear but do no damage.
The black bear is almost dead.
The black bear bites you.
* * * LOW HITPOINT WARNING * * *
The black bear barely misses you.
The black bear claws you but does no damage.
The black bear bites you.
* * * LOW HITPOINT WARNING * * *
The black bear claws you.
* * * LOW HITPOINT WARNING * * *
The black bear claws you.
* * * LOW HITPOINT WARNING * * *
You hit the black bear.
The black bear is almost dead.
The black bear closely misses you. The black bear claws you.
* * * LOW HITPOINT WARNING * * *
The black bear claws you but does no damage.
You hit the black bear but do no damage.
The black bear is almost dead.
The black bear barely misses you. The black bear claws you.
* * * LOW HITPOINT WARNING * * *
The black bear barely misses you. x2; The black bear claws you.
* * * LOW HITPOINT WARNING * * *
The black bear barely misses you.
It was a potion of curing.
You feel better. The black bear bites you!
You die...

#.....<..........##
#...........>.....##.
#....................
#.................#
#.)...............#
###..................
#...............#.#
####................#
##.....hh.........#..#
#.........#.##..♣.♣...
.8.8..$..##.#...♣.♣ ..
...88........ ..♣ ♣
.........#......♣
...P.....#.....
.>.......# ...>.
#......... ...
.........# ##.


You could see a black bear (berserk).

Vanquished Creatures
  A bombardier beetle (D:3)
  An orc priest (D:3)
  5 adders
  4 gnolls (D:2)
  A white imp (D:3)
  4 dart slugs
  9 orcs (D:3)
  8 bats
  6 endoplasms
  3 giant cockroaches
  3 goblins
  9 hobgoblins
  5 quokkas
  10 ball pythons
  3 frilled lizards
  4 kobolds
  6 rats
82 creatures vanquished.

Notes
Turn   | Place    | Note
-------+----------+-------------------------------------------
     0 | D:1      | Dvallin the Naga Shapeshifter began the quest for the Orb.
     0 | D:1      | Reached XP level 1. HP: 18/18 MP: 1/1
   242 | D:1      | Reached XP level 2. HP: 25/25 MP: 2/2
   661 | D:1      | Reached XP level 3. HP: 30/31 MP: 3/3
   862 | D:2      | Reached skill level 4 in Shapeshifting
  1273 | D:2      | Reached XP level 4. HP: 35/38 MP: 4/4
  1351 | D:2      | Reached skill level 5 in Shapeshifting
  1801 | D:2      | Reached XP level 5. HP: 44/44 MP: 5/5
  1903 | D:2      | Learned a level 3 spell: Passwall
  2167 | D:3      | Reached skill level 1 in Stealth
  2248 | D:3      | Reached skill level 1 in Earth Magic
  2444 | D:3      | Found a stormy altar of Qazlal.
  2452 | D:3      | Reached XP level 6. HP: 44/51 MP: 6/6
  2888 | D:4      | Noticed a black bear
  2903 | D:4      | HP: 2/51 [black bear (1)]
  2904 | D:4      | Slain by a black bear

Illustrated notes

Levels and vault maps discovered:
D:1:      shiori_arrival_elements, layout_basic, serial_bayou_pond_d,
          corexii_hall_statues_i
D:2:      layout_basic, serial_aquarium, aquarium_bridge_long_separate
          [aquarium_subvault_bridge, aquarium_subvault_bridge,
          aquarium_subvault_window, aquarium_subvault_bridge,
          aquarium_subvault_window, aquarium_subvault_wall],
          aquarium_window_corner, aquarium_window_fake, aquarium_window_1,
          aquarium_window_fake, aquarium_view_2b, aquarium_view_2d,
          aquarium_balcony_5b, aquarium_pool_double, minmay_octomino_c4
D:3:      layout_loops_cross, nicolae_qazlal_scattered_showers,
          minmay_misc_feat_iff, chequers_serial_rivers_small_b
D:4:      layout_rooms, serial_undead, serial_undead_e, serial_undead_a,
          serial_undead_e, serial_undead_c, serial_undead_e, serial_undead_b,
          serial_undead_b, serial_undead_d, serial_shops,
          nicolae_shop_peninsula, minmay_diced_spiral

Skill      XL: |  1  2  3  4  5 |
---------------+----------------+-----
Shapeshifting  | 4 5 |  5.7
Stealth        | 2 |  2.4
Earth Magic    | 1 |  1.4
Fighting       | |  1.0
Dodging        | |  1.5
Unarmed Combat | |  3.0

Action                     |  1- 3 |  4- 6 || total
---------------------------+-------+-------++-------
  Melee: Unarmed           |    84 |    99 ||   183
         Punch             |     1 |     6 ||     7
Ability: Spit Poison       |    17 |    33 ||    50
    Use: Potion            |       |     4 ||     4
   Stab: Sleeping          |       |     1 ||     1
 Armour: Animal skin       |    63 |    81 ||   144
         Skin              |       |    26 ||    26
  Dodge: Dodged            |    47 |    44 ||    91
